 Dungeon Crawl Stone Soup version 0.17-a0-1174-ge06b3cc (webtiles) character file.

55 Hanyuu the Insei (level 3, -4/23 HPs)
             Began as an Octopode Transmuter on May 29, 2015.
             Slain by a gnoll
             ... wielding a +0 flail
              (8 damage)
             ... on level 3 of the Dungeon.
             The game lasted 00:03:28 (1818 turns).

Hanyuu the Insei (Octopode Transmuter)              Turns: 1818, Time: 00:03:28

Health: -4/23      AC:  1    Str:  9    XL:     3   Next: 93%
Magic:  2/6        EV: 12    Int: 16    God:
Gold:   57         SH:  0    Dex: 12    Spells: 3 memorised, 0 levels left

rFire  . . .     SeeInvis +       - Unarmed
rCold  . . .     Clarity  .     (no shield)
rNeg   . . .     SustAt   .     (helmet restricted)
rPois  .         Gourm    .     (no amulet)
rElec  .         Spirit   .     o - ring of see invisible
rCorr  .         Warding  .     (no ring)
rMut   .         Stasis   .     (no ring)
MR     .....                    (no ring)
Stlth  ++........               (no ring)
                                (no ring)
                                (no ring)
                                (no ring)

@: very slightly contaminated, not resistant to hostile enchantments, unstealthy
A: almost no armour, amphibious, 8 rings, constrict 8, camouflage 1, gelatinous
body 1
a: no special abilities


You were on level 3 of the Dungeon.
You were not hungry.

You visited 1 branch of the dungeon, and saw 3 of its levels.

You collected 57 gold pieces.

Inventory:

Missiles
 a - 12 arrows
 d - 7 tomahawks (quivered)
 t - 6 poisoned needles
Jewellery
 o - a ring of see invisible (left tentacle)
Scrolls
 e - a scroll of fog {unknown}
 f - 2 scrolls of teleportation {unknown}
 k - 2 scrolls of remove curse {unknown}
 l - 2 scrolls of magic mapping {unknown}
 n - a scroll of identify {unknown}
Potions
 i - a potion of resistance {unknown}
 j - a potion of cure mutation {unknown}
 m - a potion of curing {unknown}
 p - a potion of heal wounds {unknown}
 q - a potion of might {unknown}
 s - a potion of ambrosia {unknown}
Books
 b - a book of Changes

   Spells                             Type                      Level
   a - Beastly Appendage              Transmutation                1
   b - Sticks to Snakes               Transmutation                2
   c - Spider Form                    Transmutation/Poison         3
   d - Ice Form                       Ice/Transmutation            4
   e - Blade Hands                    Transmutation                5
Comestibles
 c - 3 bread rations
 g - a slice of pizza
 h - a beef jerky
 r - a chunk of flesh


   Skills:
 - Level 1.0 Fighting
 - Level 2.0 Dodging
 * Level 4.5 Unarmed Combat
 - Level 2.0 Spellcasting
 + Level 2.2 Transmutations


You couldn't memorise any spells.
You knew the following spells:

 Your Spells              Type           Power        Failure   Level  Hunger
a - Beastly Appendage     Trmt           #.....       10%         1    #......
b - Sticks to Snakes      Trmt           #.........   14%         2    ###....
c - Spider Form           Trmt/Pois      #.........   38%         3    ###....


Dungeon Overview and Level Annotations

Branches:
Dungeon (3/15)

Altars:
Okawaru


Innate Abilities, Weirdness & Mutations

You cannot wear most types of armour.
You are amphibious.
You can wear up to eight rings at the same time.
You can use your tentacles to constrict eight enemies at once.
Your skin changes colour to match your surroundings (Stealth).
Your rubbery body absorbs attacks (AC +1).


Message History

The gnoll is heavily wounded.
You constrict the gnoll.
You tentacle-slap the gnoll but do no damage.
The gnoll is heavily wounded.
You constrict the gnoll, but do no damage.
The gnoll closely misses you.
You tentacle-slap the gnoll. Your squeeze misses the gnoll.
The gnoll is almost dead.
You constrict the gnoll.
You kill the gnoll!
The gnoll throws a throwing net.
The throwing net hits you.
You become entangled in the net!
You try to slip out of the net.
You struggle against the net.
The gnoll barely misses you.
You try to slip out of the net.
The gnoll hits you with a flail.
* * * LOW HITPOINT WARNING * * *
You slip out of the net!
The gnoll completely misses you.
You tentacle-slap the gnoll but do no damage.
You grab the gnoll. You constrict the gnoll. The gnoll hits you with a flail!
You die...

##### ##...## ###
##.....##...
#.........# #.).....#
#.......# ##.....##
#.......##########.##
#........%..)@g.(.$..
#<......##########.##
##.....## ##...##
#####


You could see a gnoll.

Vanquished Creatures
  A gnoll (D:3)
  A worm (D:2)
  2 giant geckos
  4 orcs (D:3)
  A giant cockroach (D:2)
  5 hobgoblins
  2 jackals (D:1)
  A quokka (D:2)
  4 bats
  A giant newt (D:1)
  4 goblins
  6 kobolds
  5 rats
37 creatures vanquished.

Notes
Turn   | Place    | Note
--------------------------------------------------------------
     0 | D:1      | Hanyuu the Octopode Transmuter began the quest for the Orb.
     0 | D:1      | Reached XP level 1. HP: 13/13 MP: 3/3
   439 | D:1      | Reached XP level 2. HP: 18/18 MP: 5/5
  1123 | D:2      | Reached skill level 4 in Unarmed Combat
  1260 | D:2      | Reached XP level 3. HP: 23/23 MP: 4/6
  1264 | D:2      | Learned a level 2 spell: Sticks to Snakes
  1268 | D:2      | Learned a level 3 spell: Spider Form
  1685 | D:2      | Found an iron altar of Okawaru.
  1818 | D:3      | Slain by a gnoll

Vault maps used:
D:1:      scummos_arrival_simple_fountains
D:2:      lemuel_coloured_pillars_altar
D:3:      tso_oasis_becter, lemuel_doored_altar, uniq_natasha

Action                   || total
-------------------------++-------
Melee: Unarmed           ||    85
 Cast: Beastly Appendage ||     3
       Spider Form       ||     1
 Stab: Sleeping          ||     3
  Eat: Chunk             ||     3
